 Dungeon Crawl Stone Soup version 0.21.1-1-g345015f (webtiles) character file.

200 Iko the Chucker (level 5, -1/31 HPs)
             Began as a Gargoyle Hunter on May 27, 2018.
             Was an Initiate of Vehumet.
             Slain by an orc warrior
             ... wielding a +0 short sword
              (11 damage)
             ... on level 6 of the Dungeon.
             The game lasted 00:05:02 (625 turns).

Iko the Chucker (Gargoyle Hunter)                    Turns: 625, Time: 00:05:03

Health: -1/31      AC:  8    Str: 15    XL:     5   Next: 79%
Magic:  5/5        EV: 12    Int: 12    God:    Vehumet [......]
Gold:   15         SH:  0    Dex: 11    Spells: 4/4 levels left

rFire    . . .     SeeInvis .   a - +0 short sword
rCold    . . .     Gourm    .   (no shield)
rNeg     + . .     Faith    .   b - +0 leather armour
rPois    ∞         Spirit   .   (no helmet)
rElec    +         Reflect  .   (no cloak)
rCorr    .         Harm     .   (no gloves)
MR       .....                  e - +0 pair of boots
Stlth    ..........             (no amulet)
HPRegen  0.10/turn              h - ring of loudness (curse)
MPRegen  0.09/turn              (no ring)

@: no status effects
A: negative energy resistance 1, electricity resistance, unbreathing,
petrification resistance, rot immunity, AC +4
a: Renounce Religion


You were on level 6 of the Dungeon.
You worshipped Vehumet.
Vehumet was noncommittal.
You were not hungry.

You visited 2 branches of the dungeon, and saw 5 of its levels.

You collected 15 gold pieces.

Inventory:

Hand Weapons
 a - a +0 short sword (weapon)
Missiles
 c - 4 javelins (quivered)
Armour
 b - a +0 leather armour (worn)
 e - a +0 pair of boots (worn)
Jewellery
 h - a cursed ring of loudness (left hand)
Wands
 i - a wand of polymorph (13)
Potions
 g - 2 potions of haste
Comestibles
 f - 3 rations


   Skills:
 + Level 2.6 Fighting
 + Level 2.3 Short Blades
 + Level 4.6 Throwing
 + Level 1.6 Armour
 + Level 2.4 Dodging
 + Level 1.5 Stealth


You had 4 spell levels left.
You didn't know any spells.

Dungeon Overview and Level Annotations

Branches:
Dungeon (6/15)             Temple (1/1) D:6

Altars:
Ashenzari
Dithmenos
Elyvilon
Fedhas
Gozag
Kikubaaqudgha
Makhleb
Nemelex Xobeh
Okawaru
Ru
Vehumet
Wu Jian
Yredelemnul
Zin
The Shining One

Shops:
D:6 (


Innate Abilities, Weirdness & Mutations

You are resistant to torment.
Your stone body is resilient. (AC +4)
You are immune to poison.
You resist negative energy. (rN+)
You are resistant to electric shocks. (rElec)
You can survive without breathing.
You are immune to petrification.
You are immune to rotting.


Message History

An orc comes into view. It is wielding a club.
You closely miss the orc warrior. The jackal barely misses you.
The orc warrior completely misses you.
The orc moves out of view.
An orc and an orc priest come into view.
The orc priest shouts!
You hit the orc warrior.
The orc warrior is lightly wounded.
The jackal bites you but does no damage.
The orc warrior hits you with a short sword!
The jackal barely misses you.
The orc priest looks encouraged for a moment.
You hit the orc warrior but do no damage.
The orc warrior is lightly wounded.
The orc warrior hits you with a short sword!
The jackal barely misses you.
You hit the orc warrior but do no damage.
The orc warrior is lightly wounded.
The jackal bites you but does no damage.
The orc warrior hits you with a short sword!
You die...

##.....## #.#.#.#.#.#
##.......###..........
h##.........####...#.###
.o'.........+..........
.##o........####...#.###
##.......## ##.##.#
##......# ### # #.o..#.#
#.#@##.# #.#h##.####
#.#hh...... #.#..#.####
#....%.# h...(...##
...##....## h. #.#..#
.....#


You could see an orc warrior, a hound (wandering), an orc priest, an orc and 3
jackals.

Vanquished Creatures
  A human (D:6)
  A bullfrog skeleton (D:6)
  2 adders
  A bat (D:2)
  A goblin (D:2)
  2 hobgoblins (D:2)
  2 jackals (D:6)
  A kobold (D:2)
  4 rats
15 creatures vanquished.

Notes
Turn   | Place    | Note
-------+----------+-------------------------------------------
     0 | D:1      | Iko the Gargoyle Hunter began the quest for the Orb.
     0 | D:1      | Reached XP level 1. HP: 12/12 MP: 1/1
   100 | D:2      | Reached skill level 4 in Throwing
   100 | D:2      | Reached XP level 2. HP: 17/17 MP: 2/2
   122 | D:2      | Found a radiant altar of Vehumet.
   150 | D:2      | Became a worshipper of Vehumet
   205 | D:3      | You fall through a shaft for 3 floors!
   212 | D:6      | Reached skill level 1 in Short Blades
   212 | D:6      | Reached XP level 3. HP: 22/22 MP: 3/3
   291 | D:6      | Found a staircase to the Ecumenical Temple.
   322 | D:6      | Noticed an ice beast
   328 | D:6      | Noticed a human
   328 | D:6      | an ice beast changed into a human
   365 | D:6      | Killed a human
   365 | D:6      | Reached skill level 1 in Armour
   365 | D:6      | Reached XP level 4. HP: 7/27 MP: 4/4
   365 | D:6      | Reached XP level 5. HP: 8/31 MP: 5/5
   389 | Temple   | Entered the Ecumenical Temple
   576 | D:6      | Found Gucsop's Weapon Emporium.
   616 | D:6      | Noticed an orc warrior
   625 | D:6      | Slain by an orc warrior

Skill      XL: |  1  2  3 |
---------------+----------+-----
Throwing       | 4 |  4.6
Short Blades   | 1 2 |  2.3
Dodging        | 2 |  2.4
Armour         | 1 |  1.6
Fighting       | |  2.6
Stealth        | |  1.5

Action                   |  1- 3 |  4- 6 || total
-------------------------+-------+-------++-------
Melee: Short sword       |    76 |    22 ||    98
Throw: Javelin           |    16 |     2 ||    18
       Throwing net      |     2 |       ||     2
Evoke: Wand              |     1 |       ||     1
  Use: Potion            |     3 |       ||     3
       Scroll            |     1 |       ||     1
 Stab: Held in net/web   |     1 |       ||     1
Armor: Leather armour    |    32 |    13 ||    45
Dodge: Dodged            |    40 |    26 ||    66
